 Dungeon Crawl Stone Soup version 0.23-a0-422-g30b1108 (webtiles) character file.

1654 lemonriz the Digger (level 9, -3/54 HPs)
             Began as a Gargoyle Earth Elementalist on Nov 15, 2018.
             Slain by an orc warrior
             ... wielding a +0 hand axe
              (12 damage)
             ... on level 5 of the Dungeon.
             The game lasted 00:12:06 (4667 turns).

lemonriz the Digger (Gargoyle Earth Elementalist)   Turns: 4667, Time: 00:12:07

Health: -3/54      AC: 11    Str: 11    XL:     9   Next: 0%
Magic:  3/17       EV: 12    Int: 20    God:
Gold:   332        SH:  0    Dex: 10    Spells: 9/18 levels left

rFire    . . .     SeeInvis .   a - +6 mace (crush)
rCold    . . .     Gourm    .   (no shield)
rNeg     + . .     Faith    .   v - +2 animal skin
rPois    ∞         Spirit   .   w - +0 helmet
rElec    +         Reflect  .   (no cloak)
rCorr    .         Harm     .   (no gloves)
MR       .....                  (no boots)
Stlth    ++........             (no amulet)
HPRegen  0.18/turn              m - ring of wizardry
MPRegen  0.15/turn              (no ring)

@: invisible
A: negative energy resistance 1, electricity resistance, unbreathing,
petrification resistance, rot immunity, AC +6
a: no special abilities


You were on level 5 of the Dungeon.
You were hungry.

You visited 1 branch of the dungeon, and saw 5 of its levels.
You also visited: Sewer.

You collected 332 gold pieces.

Inventory:

Hand Weapons
 a - a +6 mace of crushing (weapon)
Missiles
 b - 39 stones (quivered)
Armour
 v - a +2 animal skin (worn)
 w - a +0 helmet (worn)
 x - a +0 buckler
Jewellery
 m - a ring of wizardry (left hand)
 o - an uncursed ring of ice
Wands
 h - a wand of enslavement (9)
 i - a wand of iceblast (10)
 y - a wand of polymorph (7)
Scrolls
 e - 2 scrolls of teleportation
 f - 4 scrolls of remove curse
 g - a scroll of immolation
 n - a scroll of random uselessness {unknown}
 A - a scroll of enchant armour
 B - a scroll of blinking {unknown}
 C - a scroll of fog {unknown}
Potions
 c - a potion of brilliance {unknown}
 j - a potion of cancellation {unknown}
 k - 2 potions of lignification {unknown}
 l - a potion of experience {unknown}
 p - a potion of curing {unknown}
 q - a potion of invisibility
 r - a potion of resistance {unknown}
 s - a potion of degeneration {unknown}
 t - 3 potions of agility
 u - 2 potions of heal wounds {unknown}
Comestibles
 d - 11 rations
 z - a chunk of flesh


   Skills:
 - Level 5.3 Fighting
 - Level 3.0 Dodging
 - Level 2.2 Stealth
 + Level 5.4 Spellcasting
 + Level 5.0 Conjurations
   Level 0.7 Transmutations
 + Level 7.7 Earth Magic


You had 9 spell levels left.
You knew the following spells:

 Your Spells              Type           Power        Failure   Level  Hunger
a - Sandblast             Erth           #####.       1%          1    None
b - Stone Arrow           Conj/Erth      ####..       1%          3    ##.....
c - Lee's Rapid Deconstr  Erth           #####.....   5%          5    #####..

Your spell library contained the following spells:

 Spells                   Type           Power        Failure   Level  Hunger
 Passwall                 Tmut/Erth      ###.....     1%          2    None
 Petrify                  Tmut/Erth      ###.....     8%          4    ####...


Dungeon Overview and Level Annotations

Branches:
Dungeon (5/15)
 Temple: D:4-7

Altars:
Dithmenos
Elyvilon
Hepliaklqana
Qazlal
Xom
Yredelemnul


Innate Abilities, Weirdness & Mutations

You are resistant to torment.
Your stone body is resilient. (AC +6)
You are immune to poison.
You resist negative energy. (rN+)
You are resistant to electric shocks. (rElec)
You can survive without breathing.
You are immune to petrification.
You are immune to rotting.


Message History

The wall shatters!
The blast of rock fragments hits the orc warrior.
The orc warrior is heavily wounded.
The blast of rock fragments hits the orc wizard.
You kill the orc wizard!
Your Conjurations skill increases to level 5!
You have reached level 9!
Your experience leads to an increase in your attributes!
Increase (S)trength, (I)ntelligence, or (D)exterity?
You feel clever.
The blast of rock fragments hits the orc priest.
The orc priest is almost dead.
You hear a shout!
You hear an angry hiss.
You hear a shout! x5
The orc warrior hits you with a +0 hand axe!
* * * LOW HITPOINT WARNING * * *
The orc priest looks encouraged for a moment.
Okay, then.
You fade into invisibility!
The orc warrior hits you with a +0 hand axe!
You die...

#.###..###.......####......
#.###..# #...o...# #######
#.#...# #.8.o.8[# #.#.#.#
#...o...# #...#)# #...).#
#.###)### #8...8# ####.)..#
##...##
#....#####)#############
#......@o)o.............
#....###################
#....# #....# ######


You could see an orc warrior and an orc priest.

Vanquished Creatures
  Pikel (D:5)
  Eustachio (D:5)
  Purgy (Sewer)
  An ice beast (D:5)
  An orc warrior (D:5)
  A slave (D:5)
  2 ogres
  A scorpion (D:4)
  A howler monkey (D:2)
  2 crimson imps (D:3)
  2 hounds
  3 orc wizards (D:5)
  Jessica (D:2)
  An iguana (D:5)
  4 worker ants
  Robin (D:3)
  4 adders
  2 worms (D:2)
  4 dart slugs
  3 leopard geckos
  9 orcs
  7 bats
  4 giant cockroaches
  17 goblins
  14 hobgoblins
  8 jackals
  A quokka (D:2)
  2 ball pythons (D:1)
  9 frilled lizards
  9 kobolds
  A quokka skeleton (D:4)
  7 rats
125 creatures vanquished.

Vanquished Creatures (others)
  A worker ant (D:5)
  A worm (D:5)
2 creatures vanquished.

Grand Total: 127 creatures vanquished

Notes
Turn   | Place    | Note
-------+----------+-------------------------------------------
     0 | D:1      | lemonriz the Gargoyle Earth Elementalist began the quest
                  | for the Orb.
     0 | D:1      | Reached XP level 1. HP: 10/10 MP: 3/3
   222 | D:1      | Reached XP level 2. HP: 9/15 MP: 5/5
   227 | D:1      | Reached skill level 4 in Earth Magic
   588 | D:1      | Reached XP level 3. HP: 12/20 MP: 3/6
   607 | D:1      | Learned a level 3 spell: Stone Arrow
  1020 | D:1      | Reached skill level 1 in Fighting
  1315 | D:2      | Reached XP level 4. HP: 23/25 MP: 2/8
  1718 | D:2      | Noticed Jessica
  1725 | D:2      | Killed Jessica
  1725 | D:2      | Reached XP level 5. HP: 29/30 MP: 7/9
  1957 | D:2      | Found a hazy altar of Hepliaklqana.
  1958 | D:2      | Found a stormy altar of Qazlal.
  2111 | D:3      | Found a basalt altar of Yredelemnul.
  2260 | D:3      | Found a glowing drain.
  2269 | Sewer    | Entered a sewer
  2366 | Sewer    | Noticed Purgy
  2373 | Sewer    | Killed Purgy
  2373 | Sewer    | Reached skill level 5 in Earth Magic
  2373 | Sewer    | Reached XP level 6. HP: 35/36 MP: 4/11
  2799 | D:3      | Noticed Robin
  2849 | D:3      | Killed Robin
  2896 | D:3      | Found a shimmering altar of Xom.
  2950 | D:3      | Reached skill level 1 in Conjurations
  3034 | D:3      | Reached XP level 7. HP: 41/41 MP: 8/12
  3074 | D:3      | Learned a level 5 spell: Lee's Rapid Deconstruction
  3562 | D:4      | Found a shadowy altar of Dithmenos.
  3636 | D:4      | Found a white marble altar of Elyvilon.
  3652 | D:4      | Reached skill level 6 in Earth Magic
  3833 | D:5      | Entered Level 5 of the Dungeon
  3855 | D:5      | Noticed Pikel
  3880 | D:5      | Killed Pikel
  3880 | D:5      | Reached skill level 5 in Fighting
  3880 | D:5      | Reached XP level 8. HP: 22/49 MP: 12/14
  4265 | D:5      | Noticed Eustachio
  4282 | D:5      | Reached skill level 7 in Earth Magic
  4295 | D:5      | Killed Eustachio
  4295 | D:5      | Reached skill level 5 in Spellcasting
  4526 | D:5      | Found a runed door.
  4666 | D:5      | Reached skill level 5 in Conjurations
  4666 | D:5      | Reached XP level 9. HP: 22/54 MP: 3/17
  4667 | D:5      | Slain by an orc warrior

Vault maps used:
D:1:      tarquinn_simple_flora_water_e
D:2:      gammafunk_temple_overflow_pools, uniq_jessica
D:3:      overflow_temple_1_default, portal_sewer_entry_d, led_xom_imps,
          uniq_robin
D:4:      lemuel_round_altar, lemuel_round_altar, first_ration
D:5:      lightli_church_of_beogh, uniq_eustachio, uniq_pikel
Sewer:    kennysheep_door_sewer

Skill      XL: |  1  2  3  4  5  6  7  8 |
---------------+-------------------------+-----
Earth Magic    | 4 5 6 7 |  7.7
Dodging        | 2 3 |  3.0
Fighting       | 1 2 3 5 |  5.3
Spellcasting   | 3 4 5 |  5.4
Conjurations   | 1 3 5 |  5.0
Stealth        | |  2.2
Transmutations | |  0.7

Action                   |  1- 3 |  4- 6 |  7- 9 || total
-------------------------+-------+-------+-------++-------
Melee: Dagger            |   109 |   139 |       ||   248
       Unarmed           |    10 |       |       ||    10
       Mace              |       |     4 |    82 ||    86
 Cast: Sandblast         |    26 |    60 |    32 ||   118
       Lee's Rapid Decon |       |       |     6 ||     6
       Stone Arrow       |       |       |     1 ||     1
  Use: Scroll            |       |     7 |     2 ||     9
       Potion            |       |       |     1 ||     1
 Stab: Sleeping          |     4 |     4 |     1 ||     9
  Eat: Chunk             |     1 |     6 |     7 ||    14
Armor: Robe              |    29 |       |       ||    29
       Leather armour    |       |    81 |       ||    81
       Animal skin       |       |     3 |    38 ||    41
Dodge: Dodged            |    69 |   114 |    65 ||   248

Table legend:
 A = Non-vault XP
 B = Vault XP
 C = Vault XP percentage of total XP
 D = Non-vault monster count
 E = Vault monster count
 F = Vault count percentage of total count
                 A         B        C        D         E       F
            +---------+---------+-------+---------+---------+-------
      Total |    1166 |    1197 |  50.7 |      93 |      31 |  25.0
            +---------+---------+-------+---------+---------+-------
        D:1 |      69 |       0 |   0.0 |      36 |       0 |   0.0
        D:2 |      97 |      37 |  27.6 |      19 |       1 |   5.0
        D:3 |     174 |     147 |  45.8 |      19 |      15 |  44.1
        D:4 |     290 |       0 |   0.0 |       8 |       0 |   0.0
        D:5 |     536 |     870 |  61.9 |      11 |       9 |  45.0
      Sewer |       0 |     143 | 100.0 |       0 |       6 | 100.0
            +---------+---------+-------+---------+---------+-------
